 Dungeon Crawl Stone Soup version 0.29.0-13-gc9e81de378 (webtiles) character file.

Game seed: 865272924748216656

60 freelancePsychic the Sneak (level 4, -2/25 HPs)
             Began as a Kobold Hedge Wizard on Sept 8, 2022.
             Slain by Natasha (8 damage)
             ... on level 2 of the Dungeon.
             The game lasted 00:02:12 (2273 turns).

freelancePsychic the Sneak (Kobold Hedge Wizard)    Turns: 2273, Time: 00:02:13

Health: -2/25      AC:  5    Str:  7    XL:     4   Next: 25%
Magic:  8/8        EV: 14    Int: 15    God:
Gold:   64         SH:  0    Dex: 16    Spells: 9/9 levels left

rFire   . . .      SeeInvis .   a - +1 dagger
rCold   . . .      Faith    .   (no shield)
rNeg    . . .      Spirit   .   f - +0 leather armour
rPois   .          Reflect  .   k - +1 helmet
rElec   .          Harm     .   (no cloak)
rCorr   .          Rampage  .   (no gloves)
Will    .....                   (no boots)
Stlth   +++.......              (no amulet)
HPRegen 0.08/turn               (no ring)
MPRegen 0.11/turn               (no ring)

@: hasted and slowed
A: small, no large weapons, nightstalker 3
a: no special abilities


You were on level 2 of the Dungeon.
You visited 1 branch of the dungeon, and saw 2 of its levels.

You collected 64 gold pieces.

Inventory:

Hand Weapons
 a - a +1 dagger (weapon)
Armour
 b - a +0 robe
 c - a +0 hat
 f - a +0 leather armour (worn)
 k - a +1 helmet (worn)
Scrolls
 j - a scroll of magic mapping {unknown}
 l - a scroll of enchant weapon
 n - a scroll of immolation
Potions
 d - a potion of magic
 e - a potion of haste {@q3}
 g - a potion of curing {unknown}
 h - a potion of brilliance {unknown}
 i - 2 potions of lignification {unknown}
 m - a potion of heal wounds {unknown}


   Skills:
 + Level 1.4 Fighting
 * Level 2.7 Short Blades
 + Level 3.1 Dodging
 + Level 3.5 Stealth
 - Level 3.3 Spellcasting
 - Level 1.0 Conjurations
 - Level 1.0 Summonings
 - Level 1.0 Translocations


You had 9 spell levels left.
You didn't know any spells.
Your spell library contained the following spells:

 Spells                   Type           Power      Damage    Failure   Level
 Magic Dart               Conj           20%        1d4       19%         1
 Blink                    Tloc           10%        N/A       28%         2
 Call Imp                 Summ           5%         N/A       28%         2
 Slow                     Hex            8%         N/A       30%         1
 Conjure Flame            Conj/Fire      4%         6-21      56%         3
 Mephitic Cloud           Conj/Pois/Air  3%         N/A       58%         3
 Confusing Touch          Hex            2%         N/A       65%         3
 Vampiric Draining        Necr           2%         2d6       65%         3


Dungeon Overview and Level Annotations

Branches:
Dungeon (2/15)

Altars:

Annotations:
D:2 Natasha, Robin


Innate Abilities, Weirdness & Mutations

You are small and have problems with some larger weapons.
You are completely attuned to the shadows.


Message History

You are too injured to fight recklessly!
You are too injured to fight recklessly!
You are too injured to fight recklessly!
You are too injured to fight recklessly!
You are too injured to fight recklessly!
You are too injured to fight recklessly!
You are too injured to fight recklessly!
You are too injured to fight recklessly!
You are too injured to fight recklessly!
You are too injured to fight recklessly!
You are too injured to fight recklessly!
You closely miss Natasha.
Natasha is moderately wounded.
Natasha closely misses you.
You feel yourself speed up. Natasha casts a spell at you.
You resist with some effort.
You hit Natasha. Your punch misses Natasha.
Natasha is heavily wounded.
Natasha claws you.
You closely miss Natasha.
Natasha is heavily wounded.
You closely miss Natasha.
Natasha is heavily wounded.
Natasha claws you.
You closely miss Natasha.
Natasha is heavily wounded.
Natasha stares at you and mumbles some strange words.
The magic dart hits you.
* * * LOW HITPOINT WARNING * * *
You hit Natasha.
Natasha is almost dead.
You hit Natasha but do no damage.
Natasha is almost dead.
Natasha casts a spell at you.
You feel yourself slow down.
You hit Natasha but do no damage.
Natasha is almost dead.
Natasha claws you!
You die...

..
########..#.##....##
#.)## ####... ###.##
......# .. ##...#
.###### #.##..###
#....## ###..####
#####.....
??.h@.....
#..#.?###. #. ..## .
..## ###


You could see Natasha.

Vanquished Creatures
  Jessica (D:2)
  An adder (D:2)
  3 endoplasms (D:1)
  A giant cockroach (D:2)
  A hobgoblin (D:1)
  4 jackals (D:1)
  A quokka (D:1)
  A ball python (D:2)
  3 bats
  2 frilled lizards (D:1)
  4 goblins (D:2)
  A kobold (D:2)
  3 rats (D:1)
26 creatures vanquished.

Notes
Turn   | Place    | Note
-------+----------+-------------------------------------------
     0 | D:1      | freelancePsychic the Kobold Hedge Wizard began the quest
                  | for the Orb.
     0 | D:1      | Reached XP level 1. HP: 10/10 MP: 4/4
   643 | D:1      | Reached XP level 2. HP: 16/16 MP: 6/6
   646 | D:1      | Reached skill level 1 in Short Blades
  1615 | D:2      | Reached XP level 3. HP: 20/20 MP: 7/7
  1854 | D:2      | Reached skill level 1 in Fighting
  2000 | D:2      | Noticed Robin
  2225 | D:2      | Found a faded altar of an unknown god.
  2242 | D:2      | Noticed Jessica
  2244 | D:2      | Killed Jessica
  2245 | D:2      | Reached XP level 4. HP: 25/25 MP: 8/8
  2256 | D:2      | Noticed Natasha
  2273 | D:2      | Slain by Natasha

Illustrated notes

Levels and vault maps discovered:
D:1:      dpeg_arrival_simpleton_a, layout_loops_ring, chequers_garden
D:2:      layout_rooms, basic_ecumenical_altar, uniq_robin, uniq_natasha,
          uniq_jessica

Skill      XL: |  1  2  3 |
---------------+----------+-----
Short Blades   | 1 2 |  2.7
Stealth        | 3 |  3.5
Fighting       | 1 |  1.4
Dodging        | 3 |  3.1
Spellcasting   | |  3.3
Conjurations   | |  1.0
Summonings     | |  1.0
Translocations | |  1.0

Action                   |  1- 3 |  4- 6 || total
-------------------------+-------+-------++-------
Melee: Dagger            |   116 |    15 ||   131
       Punch             |     2 |       ||     2
  Use: Scroll            |     4 |       ||     4
       Potion            |       |     1 ||     1
 Stab: Sleeping          |     8 |       ||     8
Armor: Leather armour    |    45 |     1 ||    46
Dodge: Dodged            |   151 |     6 ||   157
